 Dungeon Crawl Stone Soup version 0.28.0-53-g5a82cb258f (webtiles) character file.

Game seed: 8676475411914325897

85 Ijustatesigmund the Stinger (level 4, 0/27 HPs)
             Began as an Octopode Venom Mage on July 15, 2022.
             Slain by a quokka (3 damage)
             ... on level 3 of the Dungeon.
             The game lasted 00:04:08 (3058 turns).

Ijustatesigmund the Stinger (Octopode Venom Mage)   Turns: 3058, Time: 00:04:08

Health: 0/27       AC:  1    Str:  7    XL:     4   Next: 48%
Magic:  2/8        EV: 13    Int: 19    God:
Gold:   100        SH:  0    Dex: 12    Spells: 5/8 levels left

rFire   . . .      SeeInvis .   a - +1 short sword
rCold   . . .      Faith    .   (no shield)
rNeg    . . .      Spirit   .   (helmet restricted)
rPois   .          Reflect  .   (no amulet)
rElec   .          Harm     .   (no ring)
rCorr   .          Rampage  .   (no ring)
Will    .....                   (no ring)
Stlth   +++.......              (no ring)
HPRegen 0.09/turn               (no ring)
MPRegen 0.11/turn               (no ring)
                                (no ring)
                                (no ring)

@: no status effects
A: almost no armour, amphibious, 8 rings, camouflage 1, gelatinous body 1,
(nimble swimmer 1), tentacles
a: no special abilities


You were on level 3 of the Dungeon.
You visited 1 branch of the dungeon, and saw 3 of its levels.

You collected 100 gold pieces.

Inventory:

Hand Weapons
 a - a +1 short sword (weapon)
Missiles
 e - 6 curare-tipped darts
Potions
 b - a potion of mutation {unknown}
 c - 2 potions of might {unknown}
 d - a potion of cancellation {unknown}
 f - 2 potions of flight {unknown}


   Skills:
 - Level 2.0 Dodging
 - Level 2.6 Stealth
 + Level 2.9 Spellcasting
 + Level 2.4 Transmutations
 + Level 4.6 Poison Magic


You had 5 spell levels left.
You knew the following spells:

 Your Spells              Type           Power      Damage    Failure   Level
a - Sting                 Tmut/Pois      64%        1d6       3%          1
b - Poisonous Vapours     Pois/Air       22%        N/A       9%          2

Your spell library contained the following spells:

 Spells                   Type           Power      Damage    Failure   Level
 Olgreb's Toxic Radiance  Pois           20%        N/A       22%         4
 Mephitic Cloud           Conj/Pois/Air  8%         N/A       24%         3


Dungeon Overview and Level Annotations

Branches:
Dungeon (3/15)

Altars:


Innate Abilities, Weirdness & Mutations

You cannot wear most types of armour.
You are amphibious.
You can wear up to eight rings at the same time.
Your skin changes colour to match your surroundings (Stealth+).
Your rubbery body absorbs attacks. (AC +1, EV +1)
((You are camouflaged when in or above water. (Stealth+)))
You have tentacles for arms and can constrict up to eight enemies at once.


Message History

You are poisoned.
The adder poisons you!
Casting: Poisonous Vapours (safe; 9% risk of failure)
Confirm with . or Enter, or press ? or * to list all spells.
Aiming: Poisonous Vapours (safe; 9% risk of failure)
Press: ? - help, Dir - move target, f - adder
Aim: an adder Poisonous vapours surround the adder!
The adder is poisoned.
You feel sick. The quokka misses you. The adder bites you.
The quokka misses you.
Unknown command.
You feel sick.
Things that are here:
a +0 club; an orc corpse Unknown command.
You hit the adder. Your grab misses the adder.
The adder is heavily wounded.
You feel sick. The adder bites you. The quokka bites you.
* * * LOW HITPOINT WARNING * * *
The adder barely misses you.
You hit the adder.
You kill the adder!
You feel sick.
You are no longer poisoned.
The bat closely misses you. The quokka misses you.
Casting: Poisonous Vapours (safe; 9% risk of failure)
Confirm with . or Enter, or press ? or * to list all spells.
Aiming: Sting (safe; 3% risk of failure)
Press: ? - help, Shift-Dir - straight line, f - bat
Aim: a bat (60% to hit)
The sting misses the bat.
The bat hits you but does no damage. The bat barely misses you.
The quokka closely misses you. The quokka bites you.
* * * LOW HITPOINT WARNING * * *
Casting: Sting (safe; 3% risk of failure)
Confirm with . or Enter, or press ? or * to list all spells.
Aiming: Poisonous Vapours (safe; 9% risk of failure)
Press: ? - help, Dir - move target, f/p - bat
Aim: a bat Poisonous vapours surround the bat!
The bat is poisoned.
The bat misses you. The hobgoblin barely misses you. The quokka bites you.
You die...

#.....†...>....#
#...<.#.......#.
.#
#.....##.....###
..
#.##...#######..
# #.
##'###..........#
#. #.
#...###.##.##...#
.b.# #b##...#
#.##....†.#
#..#..#...#
#.####....#
#...g@...#
#.#.......#
#...r....#
#†#.##.#..#
#../...#+##
#.#.##.#.<#
#.......#
#.#....#..#
##..(##.#
#.######### #....
#.. #.#..# ##.. #
##. .. #. ..#


You could see a quokka, a hobgoblin and a bat (poisoned).

Vanquished Creatures
  4 adders
  A worm (D:2)
  An orc (D:3)
  5 ball pythons
  4 endoplasms
  5 goblins
  4 hobgoblins
  7 kobolds
  3 quokkas
  4 bats
  A frilled lizard (D:3)
  6 rats
45 creatures vanquished.

Notes
Turn   | Place    | Note
-------+----------+-------------------------------------------
     0 | D:1      | Ijustatesigmund the Octopode Venom Mage began the quest for
                  | the Orb.
     0 | D:1      | Reached XP level 1. HP: 11/11 MP: 3/3
    47 | D:1      | Found a faded altar of an unknown god.
   566 | D:1      | Reached XP level 2. HP: 17/17 MP: 3/5
   569 | D:1      | Learned a level 2 spell: Poisonous Vapours
   901 | D:1      | Reached skill level 4 in Poison Magic
  1363 | D:2      | Reached XP level 3. HP: 6/21 MP: 3/6
  2562 | D:2      | Reached XP level 4. HP: 26/27 MP: 5/8
  3058 | D:3      | Slain by a quokka

Illustrated notes

Levels and vault maps discovered:
D:1:      lightli_arrival_lavapool, layout_loops_ring,
          nicolae_ecumenical_lake_church
D:2:      layout_loops_ring, minmay_tetromino_s2
D:3:      layout_basic, grunt_ministairs_9, minmay_ruptured,
          uniq_crazy_yiuf_cottage

Skill      XL: |  1  2  3 |
---------------+----------+-----
Poison Magic   | 4 |  4.6
Transmutations | 2 |  2.4
Dodging        | |  2.0
Stealth        | |  2.6
Spellcasting   | |  2.9

Action                   |  1- 3 |  4- 6 || total
-------------------------+-------+-------++-------
Melee: Short sword       |    43 |    14 ||    57
       Constrict         |    11 |     2 ||    13
       Tentacles         |     8 |     2 ||    10
       Punch             |     1 |     1 ||     2
 Cast: Sting             |    20 |     1 ||    21
       Poisonous Vapours |    13 |     8 ||    21
  Use: Scroll            |     2 |       ||     2
 Stab: Sleeping          |     5 |     2 ||     7
Armor: Skin              |     1 |     2 ||     3
Dodge: Dodged            |    19 |    15 ||    34
